 Dungeon Crawl Stone Soup version 0.21.1-1-g345015f (webtiles) character file.

62 zekoff the Skirmisher (level 3, -1/35 HPs)
             Began as a Minotaur Abyssal Knight on May 21, 2018.
             Was a Believer of Lugonu.
             Slain by Sigmund
             ... wielding a +0 scythe
              (12 damage)
             ... on level 2 of the Dungeon.
             The game lasted 00:05:27 (1314 turns).

zekoff the Skirmisher (Minotaur Abyssal Knight)     Turns: 1314, Time: 00:05:27

Health: -1/35      AC:  3    Str: 17    XL:     3   Next: 85%
Magic:  3/3        EV: 11    Int:  9    God:    Lugonu [**....]
Gold:   27         SH:  0    Dex:  9    Spells: 2/2 levels left

rFire    . . .     SeeInvis .   a - +1 spear
rCold    . . .     Gourm    .   (no shield)
rNeg     . . .     Faith    .   b - +0 leather armour
rPois    .         Spirit   .   (helmet restricted)
rElec    .         Reflect  .   (no cloak)
rCorr    .         Harm     .   (no gloves)
MR       .....                  (no boots)
Stlth    ..........             (no amulet)
HPRegen  0.11/turn              (no ring)
MPRegen  0.08/turn              (no ring)

@: confused
A: retaliatory headbutt, horns 2
a: Depart the Abyss, Bend Space, Renounce Religion


You were on level 2 of the Dungeon.
You worshipped Lugonu.
Lugonu was pleased with you.
You were not hungry.

You visited 1 branch of the dungeon, and saw 2 of its levels.
You visited the Abyss 1 time.

You collected 27 gold pieces.

Inventory:

Hand Weapons
 a - a +1 spear (weapon)
 i - a cursed -3 hand axe
Armour
 b - a +0 leather armour (worn)
 f - a +0 chain mail
Scrolls
 e - a scroll of identify {unknown}
 j - 2 scrolls of remove curse {unknown}
 k - a scroll of fear {unknown}
Potions
 d - a potion of curing {unknown}
 g - a potion of heal wounds {unknown}
 h - a potion of ambrosia {unknown}
Comestibles
 c - 4 rations


   Skills:
 + Level 4.8 Fighting
 + Level 2.9 Polearms
 + Level 3.0 Armour
 + Level 1.5 Dodging
 + Level 0.1 Stealth
 + Level 2.1 Invocations


You had 2 spell levels left.
You didn't know any spells.

Dungeon Overview and Level Annotations

Branches:
Dungeon (2/15)

Altars:
Kikubaaqudgha

Annotations:
D:2 Sigmund


Innate Abilities, Weirdness & Mutations

You reflexively headbutt those who attack you in melee.
You have a pair of horns on your head.


Message History

Sigmund is severely wounded.
Sigmund misses you.
You hit Sigmund.
Sigmund is severely wounded.
The bat barely misses you.
Sigmund points at you and mumbles some strange words.
You are confused.
You miss Sigmund. Your headbutt misses Sigmund.
Sigmund is severely wounded.
The bat hits you. Sigmund closely misses you.
You bump into the rock wall.
The bat hits you but does no damage. The bat barely misses you.
The bat hits you. Sigmund closely misses you.
You closely miss the bat. The bat hits you but does no damage.
You closely miss Sigmund.
Sigmund is severely wounded.
The bat barely misses you.
Sigmund says, "Don't worry, I'll kill you fast."
Sigmund hits you with a scythe! The bat barely misses you.
Sigmund hits you with a scythe!
You die...

#..# #.....# #.##
#.....# #.#
#.....# #.#
#.....# #.###
#.....# #.<.#
####### ###.#
#.#########
###.#.)..@@.###...
#.....####b....#
#.###.# #...#.# #.
#... #...... #
#.##.#...#.## ..#
....# # #.. ...##
### #... ####


You could see Sigmund and a bat.

Vanquished Creatures
  An adder (D:2)
  4 dart slugs
  3 leopard geckos
  2 bat zombies (D:2)
  3 giant cockroaches
  4 goblins (D:2)
  4 hobgoblins
  3 kobolds (D:1)
  A ball python (D:1)
  6 bats
  4 frilled lizards (D:1)
  5 rats
  3 rat zombies (D:2)
43 creatures vanquished.

Notes
Turn   | Place    | Note
-------+----------+-------------------------------------------
     0 | Abyss:1  | zekoff the Minotaur Abyssal Knight began the quest for the Orb.
     0 | Abyss:1  | Reached XP level 1. HP: 19/19 MP: 1/1
     6 | D:1      | Escaped the Abyss
   225 | D:1      | Reached skill level 4 in Fighting
   242 | D:1      | Reached XP level 2. HP: 24/27 MP: 2/2
   598 | D:1      | Reached ** piety under Lugonu
   831 | D:1      | Reached XP level 3. HP: 24/34 MP: 3/3
  1179 | D:2      | Found an ancient bone altar of Kikubaaqudgha.
  1294 | D:2      | Noticed Sigmund
  1314 | D:2      | Slain by Sigmund

Skill      XL: |  1  2  3 |
---------------+----------+-----
Fighting       | 4 |  4.8
Invocations    | 2 |  2.1
Armour         | 3 |  3.0
Polearms       | |  2.9
Dodging        | |  1.5
Stealth        | |  0.1

Action                   || total
-------------------------++-------
Melee: Spear             ||   131
       Headbutt          ||    14
  Eat: Ration            ||     1
Armor: Leather armour    ||    34
Dodge: Dodged            ||    57
